 Dungeon Sprint DCSS version 0.30-a0-304-gdc4b735fe1 (webtiles) character file.

Game seed: 6055881794440594397

10008 wilfster70 the Formicid Cataclysm (level 11, 0/101 HPs)
             Began as a Formicid Fighter on Oct 20, 2022.
             Was a High Priest of Qazlal.
             Slain by a manticore (7 damage)
             ... in the Dungeon (Sprint VII: "The Pits").
             The game lasted 00:09:38 (1465 turns).

wilfster70 the Formicid Cataclysm (FoFi)            Turns: 1465, Time: 00:09:39

Health: 0/101      AC: 26    Str: 24    XL:     11   Next: 85%
Magic:  3/24       EV:  7    Int:  9    God:    Qazlal [*****.]
Gold:   0          SH: 13    Dex: 19    Spells: 10/10 levels left

rFire   . . .      SeeInvis +    a - +4 quarterstaff (speed)
rCold   . . .      Faith    .    c - +0 buckler
rNeg    . . .      Spirit   .    m - +3 plate armour
rPois   .          Reflect  .    (helmet unavailable)
rElec   .          Harm     .    k - +0 cloak
rCorr   .          Rampage  .    b - +0 pair of gloves
Will    +....                    (no boots)
Stlth   ..........               (no amulet)
HPRegen 0.36/turn                f - +3 ring of dexterity
MPRegen 0.19/turn                l - +3 ring of dexterity

@: protected from physical damage, repel missiles
A: permanent stasis, dig shafts and tunnels, antennae 3, four strong arms
a: Dig, Renounce Religion, Upheaval, Elemental Force, Disaster Area


You were in the Dungeon.
You worshipped Qazlal.
Qazlal was extremely pleased with you.
You visited 1 branch

Inventory:

Hand Weapons
 a - a +4 quarterstaff of speed (weapon)
Armour
 b - a +0 pair of gloves (worn)
 c - a +0 buckler (worn)
 k - a +0 cloak (worn)
 m - a +3 plate armour (worn)
 p - +0 swamp dragon scales
Jewellery
 f - a +3 ring of dexterity (left hand)
 l - a +3 ring of dexterity (right hand)
Scrolls
 i - 5 scrolls of amnesia
Potions
 d - 9 potions of heal wounds
 e - 7 potions of curing
 g - 4 potions of magic
 h - 2 potions of invisibility
 n - 3 potions of might
 o - a potion of mutation


   Skills:
 + Level 14.7 Fighting
 - Level 14.0 Staves
 + Level 14.7 Armour
 - Level 4.0 Shields
 * Level 19.1 Invocations


You had 10 spell levels left.
You didn't know any spells.
Your spell library was empty.

Dungeon Overview and Level Annotations

Branches:
Dungeon (1/1)

Altars:
Ashenzari
Cheibriados
Dithmenos
Elyvilon
Fedhas
Gozag
Hepliaklqana
Kikubaaqudgha
Makhleb
Nemelex Xobeh
Okawaru
Qazlal
Ru
Sif Muna
Trog
Uskayaw
Vehumet
Wu Jian
Xom
Yredelemnul
Zin
The Shining One
Jiyva
Lugonu


Innate Abilities, Weirdness & Mutations

You cannot be hasted, slowed, berserked, paralysed or teleported.
You can dig through walls and to a lower floor.
You have a pair of large antennae on your head. (SInv)
Your four strong arms can wield two-handed weapons with a shield.


Message History

The smoke demon hits you but does no damage.
The smoke demon gestures at you. You block the sticky flame.
The manticore is engulfed in a cloud of scalding steam.
The manticore closely misses you.
The manticore claws you but does no damage.
The manticore barely misses you.
As you read the scroll of summoning, it crumbles to dust.
Wisps of shadow whirl around you... The wyvern barely misses you.
The wyvern bites you but does no damage.
The manticore is engulfed in a cloud of scalding steam.
The manticore bites you but does no damage.
You block the manticore's attack.
The manticore claws you but does no damage.
You block the smoke demon's attack.
The smoke demon hits you but does no damage. x4
The smoke demon closely misses you.
The smoke demon attacks as you move away!
The smoke demon hits you but does no damage.
You block the smoke demon's attack. x2
The wyvern bites you but does no damage.
The manticore is engulfed in a cloud of scalding steam.
The manticore bites you.
Your resistance to fire fades away.
You feel protected from physical attacks.
You block the manticore's attack.
The manticore claws you but does no damage.
The smoke demon gestures at you. The ball of steam hits you!!
* * * LOW HITPOINT WARNING * * *
The wyvern attacks as you move away! You block the wyvern's attack.
The wyvern bites your small abomination!
Your small abomination hits the wyvern!!
The wyvern dies!
Qazlal accepts your kill. The smoke demon gestures at you.
Something smites you!
* * * LOW HITPOINT WARNING * * *
You block the manticore's attack. x2; The manticore claws you!
You die...

#..# ##.## .. #..#
##...##...#
#..####.≈...##.##.#
#...##.))...#...#.#
#.≈≈.))))).)'...'.
#.≈≈##......#...#
#..####.....##.##
#..##.##.3.##°§H##
#..##..##.##°.3x@#.≈.
#..###.)#)#[°§3x....#
#..# ##...≈..###.§.##
#### ######## #####


You could see a manticore (ally target), 2 smoke demons and 2 friendly small
abominations.

Vanquished Creatures
  A deep elf blademaster (D)
  An ogre mage (D)
  5 two-headed ogres (D)
  A vampire mage (D)
  A sun demon (D)
  A deep troll (D)
  A swamp dragon (D)
  An eye of devastation (D)
  A guardian mummy (D)
  2 hellwings (D)
  A hornet (D)
  A flying skull (D)
  A shadow (D)
  A fire bat (D)
  2 water moccasins (D)
  A sky beast (D)
  A wolf (D)
  An ogre (D)
  A phantom (D)
  A necrophage (D)
  A gnoll sergeant (D)
  A small abomination (D)
  A killer bee (D)
  A quasit (D)
  A jelly (D)
  An orc priest (D)
  2 orc wizards (D)
  A mummy (D)
  An adder (D)
  5 gnolls (D)
  An ufetubus (D)
  2 orcs (D)
  2 ball pythons (D)
  2 bats (D)
  An endoplasm (D)
  A goblin (D)
  A hobgoblin (D)
  3 jackals (D)
  A quokka (D)
  A rat (D)
56 creatures vanquished.

Vanquished Creatures (collateral kills)
  A deep troll (D)
  A wyvern (D)
2 creatures vanquished.

Vanquished Creatures (others)
  A hornet (D)
1 creature vanquished.

Grand Total: 59 creatures vanquished

Notes
Turn   | Place    | Note
-------+----------+-------------------------------------------
     0 | D        | wilfster70 the Formicid Fighter began the quest for the
                  | Orb.
     0 | D        | Reached XP level 1. HP: 18/18 MP: 1/1
    14 | D        | Found a bloodstained altar of Trog.
    14 | D        | Found a shimmering blue altar of Sif Muna.
    14 | D        | Found a viscous altar of Jiyva.
    14 | D        | Found a hazy altar of Hepliaklqana.
    14 | D        | Found an opulent altar of Gozag.
    15 | D        | Found a glowing golden altar of the Shining One.
    15 | D        | Found a glowing silver altar of Zin.
    15 | D        | Found a basalt altar of Yredelemnul.
    15 | D        | Found a shimmering altar of Xom.
    15 | D        | Found an ornate altar of the Wu Jian Council.
    15 | D        | Found a sacrificial altar of Ru.
    15 | D        | Found a stormy altar of Qazlal.
    15 | D        | Found an iron altar of Okawaru.
    15 | D        | Found a sparkling altar of Nemelex Xobeh.
    15 | D        | Found a burning altar of Makhleb.
    15 | D        | Found a blossoming altar of Fedhas.
    15 | D        | Found a white marble altar of Elyvilon.
    15 | D        | Found a shadowy altar of Dithmenos.
    15 | D        | Found a snail-covered altar of Cheibriados.
    16 | D        | Found a radiant altar of Vehumet.
    16 | D        | Found a corrupted altar of Lugonu.
    17 | D        | Found an ancient bone altar of Kikubaaqudgha.
    17 | D        | Found a hide-covered altar of Uskayaw.
    17 | D        | Found a broken altar of Ashenzari.
    20 | D        | Became a worshipper of Qazlal Stormbringer
    60 | D        | Reached XP level 2. HP: 23/25 MP: 2/2
    77 | D        | Reached * piety under Qazlal
    93 | D        | Reached ** piety under Qazlal
    98 | D        | Reached XP level 3. HP: 30/31 MP: 3/3
   102 | D        | Reached *** piety under Qazlal
   255 | D        | Noticed a wolf
   281 | D        | Killed a wolf
   282 | D        | Reached XP level 4. HP: 26/40 MP: 4/4
   282 | D        | Reached XP level 5. HP: 30/46 MP: 5/5
   290 | D        | Reached **** piety under Qazlal
   293 | D        | Reached XP level 6. HP: 33/55 MP: 6/6
   431 | D        | Reached skill level 1 in Invocations
   443 | D        | Reached ***** piety under Qazlal
   444 | D        | Reached skill level 3 in Invocations
   446 | D        | Noticed a water moccasin
   446 | D        | Noticed a sky beast
   446 | D        | Noticed a fire bat
   449 | D        | Killed a fire bat
   450 | D        | Reached skill level 5 in Invocations
   450 | D        | Reached XP level 7. HP: 63/63 MP: 7/11
   455 | D        | Reached skill level 6 in Invocations
   462 | D        | Killed a water moccasin
   463 | D        | Reached skill level 10 in Staves
   463 | D        | Reached skill level 7 in Invocations
   490 | D        | Noticed a flying skull
   490 | D        | Noticed an eye of devastation
   501 | D        | Killed a flying skull
   502 | D        | Reached skill level 8 in Invocations
   502 | D        | Reached XP level 8. HP: 71/71 MP: 12/14
   505 | D        | Reached skill level 9 in Invocations
   519 | D        | Killed an eye of devastation
   520 | D        | Reached skill level 10 in Fighting
   520 | D        | Reached skill level 10 in Armour
   520 | D        | Reached skill level 10 in Invocations
   637 | D        | Noticed a deep troll
   638 | D        | Noticed a sun demon
   674 | D        | Killed a sun demon
   674 | D        | Reached ****** piety under Qazlal
   675 | D        | Reached skill level 11 in Invocations
   675 | D        | Reached XP level 9. HP: 23/79 MP: 7/17
   682 | D        | Killed a deep troll
   683 | D        | Reached skill level 12 in Invocations
   885 | D        | Noticed a deep troll
   885 | D        | Noticed a swamp dragon
   885 | D        | Noticed a hornet
   885 | D        | Noticed a guardian mummy
   892 | D        | Killed a deep troll
   892 | D        | Killed a hornet
   893 | D        | Reached skill level 14 in Invocations
   893 | D        | Reached XP level 10. HP: 89/89 MP: 2/20
   900 | D        | Killed a swamp dragon
  1025 | D        | Noticed a deep elf blademaster
  1029 | D        | Reached skill level 15 in Invocations
  1034 | D        | Noticed a vampire mage
  1036 | D        | Noticed a shadow wraith
  1036 | D        | Noticed a phantasmal warrior
  1036 | D        | Killed a vampire mage
  1044 | D        | Killed a deep elf blademaster
  1045 | D        | Reached skill level 16 in Invocations
  1045 | D        | Reached XP level 11. HP: 18/98 MP: 6/23
  1065 | D        | Noticed a two-headed ogre
  1066 | D        | Killed a two-headed ogre
  1067 | D        | Reached skill level 17 in Invocations
  1070 | D        | Noticed a two-headed ogre
  1076 | D        | Killed a two-headed ogre
  1079 | D        | Noticed an ogre mage
  1084 | D        | Killed an ogre mage
  1426 | D        | Noticed a two-headed ogre
  1426 | D        | Noticed a two-headed ogre
  1430 | D        | Noticed a two-headed ogre
  1433 | D        | Killed a two-headed ogre
  1433 | D        | Killed a two-headed ogre
  1433 | D        | Killed a two-headed ogre
  1434 | D        | Reached skill level 19 in Invocations
  1456 | D        | Noticed a manticore
  1465 | D        | Slain by a manticore

Illustrated notes

Levels and vault maps discovered:
D:        pitsprint [storerooms_1, entrance_room_1, metal_vault_3, armoury_2,
          mini_pit_1, grid_room_1, main_hall_1, silver_pit, the_coven_3,
          the_vestibule_1, steel_vault_5, golden_pit, hallway_of_sentries,
          crystal_vault_2, iron_vault_3, final_vault]

Skill      XL: |  1  2  3  4  5  6  7  8  9 10 11 |
---------------+----------------------------------+-----
Fighting       | 4 6 7 8 9 10 11 13 14 | 14.7
Staves         | 3 4 6 8 9 10 11 12 13 14 | 14.0
Armour         | 4 6 7 8 9 10 11 13 14 | 14.7
Invocations    | 5 8 11 14 16 19 | 19.1
Shields        | |  4.0

Action                   |  1- 3 |  4- 6 |  7- 9 | 10-12 || total
-------------------------+-------+-------+-------+-------++-------
Melee: Quarterstaff      |    36 |    27 |    69 |    64 ||   196
Invok: Disaster Area     |       |       |     3 |     6 ||     9
       Elemental Force   |       |       |     1 |       ||     1
       Upheaval          |       |       |       |     1 ||     1
  Use: Potion            |     2 |       |     1 |     1 ||     4
       Scroll            |       |       |       |     1 ||     1
Armor: Scale mail        |     4 |       |       |       ||     4
       Plate armour      |    10 |    20 |    29 |    47 ||   106
Dodge: Dodged            |    12 |     8 |     8 |    24 ||    52
       Repelled          |       |       |       |     2 ||     2
Block: Buckler           |    15 |    16 |    38 |    44 ||   113

Table legend: (Time is in decaauts)
 A = Elapsed time spent in this place.
 B = Non-inter-level travel time spent in this place.
 C = Inter-level travel time spent in this place.
 D = Time resting spent in this place.
 E = Time spent auto-exploring this place.
 F = Levels seen in this place.
 G = Mean time per level.
                   A        B        C        D        E       F      G
               +--------+--------+--------+--------+--------+-----+--------+
         Total |   1409 |   1350 |     59 |    767 |      0 |   1 | 1409.0 |
       Dungeon |   1409 |   1350 |     59 |    767 |      0 |   1 | 1409.0 |
               +--------+--------+--------+--------+--------+-----+--------+

Top non-repeatable levels by time:
       D: 1409 daAuts
